[Event "Titled Tuesday Blitz December 13 Early 2022"]
[White "Shuvalova, Polina"]
[Black "Fernandez Siles, Luis"]
[WhiteFideId "24171760"]
[BlackFideId "2209420"]
[WhiteElo "2361"]
[BlackElo "2186"]
[Result "1-0"]
[Round "01"]
[TimeControl "180+1"]
[Date "2022.12.14"]
[WhiteClock "0:01:49"]
[BlackClock "0:00:40"]

1. d4 Nf6 2. Nf3 g6 3. c4 Bg7 4. Nc3 O-O 5. g3 d6 6. Bg2 c6 7. O-O Qa5 8. Qc2 Qh5 9. b3 Bh3 10. Bb2 Nbd7 11. Rfe1 Ng4 12. e3 f5 13. Qe2 e5 14. Bxh3 Qxh3 15. Qf1 Qh6 16. Qg2 Rae8 17. h3 Ngf6 18. Rad1 e4 19. Nd2 g5 20. Ba3 Kh8 21. Bxd6 Rg8 22. c5 Bf8 23. Nc4 Nd5 24. Nxd5 cxd5 25. Ne5 Bxd6 26. Nf7+ 1-0


[Site "https://www.chess.com"]

[Event "Titled Tuesday Blitz December 13 Early 2022"]
[White "Silvestre, Christian"]
[Black "Volkov, Maksim"]
[WhiteFideId "30956269"]
[BlackFideId "54123070"]
[WhiteElo "2334"]
[BlackElo "2257"]
[Result "1-0"]
[Round "01"]
[TimeControl "180+1"]
[Date "2022.12.14"]
[WhiteClock "0:01:01"]
[BlackClock "0:00:55"]

1. e4 c5 2. Nf3 d6 3. d4 cxd4 4. Nxd4 Nf6 5. Nc3 a6 6. Bc4 e6 7. Bb3 b5 8. Bg5 Be7 9. Qf3 Qb6 10. O-O-O Nbd7 11. Rhe1 Bb7 12. Qg3 h6 13. Bxf6 Bxf6 14. Nxe6 fxe6 15. Rxd6 Qc7 16. Qg6+ Kd8 17. Red1 Bc6 18. Bxe6 Be5 19. Rxc6 Qxc6 20. Rxd7+ Qxd7 21. Bxd7 Kxd7 22. Qf7+ Kd8 23. Qd5+ 1-0


[Site "https://www.chess.com"]

[Event "Titled Tuesday Blitz December 13 Early 2022"]
[White "Skliarov, Viktor"]
[Black "Bashirli, Saadat"]
[WhiteFideId "14106736"]
[BlackFideId "13429990"]
[WhiteElo "2284"]
[BlackElo "1408"]
[Result "1-0"]
[Round "01"]
[TimeControl "180+1"]
[Date "2022.12.14"]
[WhiteClock "0:00:17"]
[BlackClock "0:00:09"]

1. e4 c5 2. Nf3 g6 3. d4 cxd4 4. Qxd4 Nf6 5. e5 Nc6 6. Qa4 Nd5 7. Qe4 Nc7 8. h4 h5 9. Nc3 Bg7 10. Bc4 d6 11. exd6 Qxd6 12. Bf4 e5 13. Rd1 Qe7 14. Bg5 Bf6 15. O-O Bf5 16. Qe2 O-O 17. Ne4 Bxg5 18. hxg5 Rfd8 19. Nf6+ Kg7 20. c3 Bg4 21. Qe3 a6 22. Rde1 Bxf3 23. Qxf3 Rd6 24. Ne4 Rd7 25. Qf6+ Qxf6 26. gxf6+ Kh6 27. Nc5 Rd2 28. Nxb7 Rxb2 29. Nd6 Nd8 30. Rxe5 Rc2 31. Re3 Nce6 32. Bxe6 fxe6 33. f7 Kg7 34. Rf3 Nc6 35. Ne8+ Kf8 36. Nc7 Rc8 37. Nxe6+ Ke7 38. f8=Q+ Kxe6 39. Qxc8+ Kd5 40. Rd1+ Kc5 41. Qf8+ Kb5 42. c4+ Rxc4 43. Rb3+ Ka5 44. Qd6 Nb4 45. Rxb4 Rxb4 46. Rd5+ Rb5 47. Rxb5+ Kxb5 48. Qxg6 a5 49. Qxh5+ Ka4 50. Qd1+ Ka3 51. Qb3# 1-0


[Site "https://www.chess.com"]

[Event "Titled Tuesday Blitz December 13 Early 2022"]
[White "Skuhala, Barbara"]
[Black "Martinez Ramirez, Lennis"]
[WhiteFideId "14605465"]
[BlackFideId "3509079"]
[WhiteElo "2137"]
[BlackElo "2439"]
[Result "1-0"]
[Round "01"]
[TimeControl "180+1"]
[Date "2022.12.14"]
[WhiteClock "0:00:29"]
[BlackClock "0:00:11"]

1. e4 c6 2. d4 d5 3. f3 e6 4. Nc3 Bb4 5. a3 Bxc3+ 6. bxc3 dxe4 7. Qe2 exf3 8. Nxf3 b6 9. Qf2 Ne7 10. Bd3 Ba6 11. O-O Bxd3 12. cxd3 O-O 13. Ng5 Qe8 14. Ne4 Na6 15. Nf6+ gxf6 16. Qxf6 Nd5 17. Qg5+ Kh8 18. c4 f6 19. Qh6 Ne7 20. Rxf6 Ng6 21. Bg5 Qd7 22. Raf1 Qg7 23. Qh5 Nc7 24. Qg4 Kg8 25. Qg3 Ne8 26. Rxf8+ Nxf8 27. h4 h6 28. Bf4 Qxg3 29. Bxg3 Ng6 30. h5 Ne7 31. Be5 Rd8 32. Rf4 Nf5 33. g4 Ne7 34. Kf2 c5 35. dxc5 bxc5 36. Ke2 Nd6 37. Rf6 Nf7 38. Rxe6 Nxe5 39. Rxe5 Nc6 40. Rxc5 Nd4+ 41. Ke3 Nc2+ 42. Kd2 Nxa3 43. Rc6 a5 44. Kc3 Rb8 45. Rxh6 a4 46. Ra6 Rb3+ 47. Kd2 Nb1+ 48. Kc2 Rb4 49. g5 a3 50. g6 Rb2+ 51. Kc1 Kg7 52. Ra7+ Kf6 53. Ra6+ Kg7 54. Ra7+ Kf6 55. Ra6+ Ke5 56. g7 Rg2 57. Kxb1 Rxg7 58. Ka2 Kd4 59. Kxa3 Kxd3 60. Kb4 Rb7+ 61. Kc5 Rh7 62. h6 Rc7+ 63. Kb5 Rxc4 64. Rd6+ Kc3 65. Rc6 Rxc6 66. Kxc6 1-0


[Site "https://www.chess.com"]

[Event "Titled Tuesday Blitz December 13 Early 2022"]
[White "Sonnenschein, Philipp"]
[Black "Yeremyan, Alen"]
[WhiteFideId "16250877"]
[BlackFideId "13308998"]
[WhiteElo "2224"]
[BlackElo "2159"]
[Result "0-1"]
[Round "01"]
[TimeControl "180+1"]
[Date "2022.12.14"]
[WhiteClock "0:00:44"]
[BlackClock "0:00:25"]

1. e4 c5 2. Nf3 Nc6 3. Bb5 g6 4. Bxc6 dxc6 5. d3 Bg7 6. h3 b6 7. a4 a5 8. Na3 h6 9. O-O e5 10. Nc4 Qc7 11. Be3 Be6 12. Nfd2 Ne7 13. f4 Bxc4 14. Nxc4 O-O 15. fxe5 g5 16. Qh5 Ng6 17. e6 Nh8 18. h4 fxe6 19. hxg5 hxg5 20. Bxg5 Qg3 21. Bh6 Bd4+ 22. Kh1 Rf7 23. Rxf7 Nxf7 24. Rf1 Ra7 25. Rf3 Qe1+ 26. Kh2 Nxh6 27. Rg3+ Rg7 28. Rxg7+ Bxg7 29. Nd6 Be5+ 0-1


[Site "https://www.chess.com"]

[Event "Titled Tuesday Blitz December 13 Early 2022"]
[White "Svane, Rasmus"]
[Black "Garv Gaur"]
[WhiteFideId "4657101"]
[BlackFideId "45030839"]
[WhiteElo "2674"]
[BlackElo "2056"]
[Result "1-0"]
[Round "01"]
[TimeControl "180+1"]
[Date "2022.12.13"]
[WhiteClock "0:00:58"]
[BlackClock "0:00:03"]

1. Nf3 Nf6 2. g3 d5 3. Bg2 c6 4. O-O Bf5 5. c4 e6 6. Qb3 Qb6 7. d3 Nbd7 8. cxd5 exd5 9. Qc2 Bd6 10. Nc3 O-O 11. e4 dxe4 12. dxe4 Bg6 13. Be3 Qc7 14. Nh4 Rfe8 15. Rad1 Rad8 16. h3 Bc5 17. Bf4 Ne5 18. Kh1 Nh5 19. Bc1 Qe7 20. Kh2 Bd6 21. f4 Nc4 22. Nxg6 hxg6 23. e5 Bb8 24. Ne4 Nxe5 25. Rxd8 Rxd8 26. fxe5 Qxe5 27. Qb3 Rd7 28. Bf4 Nxf4 29. Rxf4 Bd6 30. Nxd6 Qxd6 31. h4 Re7 32. Rf2 Qc5 33. Rd2 Qf5 34. Qf3 Qa5 35. Qf4 Qxa2 36. Rd8+ Kh7 37. Qb8 g5 38. h5 g6 39. Rh8+ Kg7 40. Qf8+ Kf6 41. hxg6 Qc4 42. g7 Re2 43. Rh6+ Kf5 44. Qc8+ Ke5 45. Qe8+ Kf5 46. Qxe2 Qxe2 47. g8=Q 1-0


[Site "https://www.chess.com"]

[Event "Titled Tuesday Blitz December 13 Early 2022"]
[White "Szpar, Milosz"]
[Black "Polanco Nunez, Yoel Estarling"]
[WhiteFideId "1184989"]
[BlackFideId "6401783"]
[WhiteElo "2455"]
[BlackElo "2132"]
[Result "1-0"]
[Round "01"]
[TimeControl "180+1"]
[Date "2022.12.14"]
[WhiteClock "0:00:06"]
[BlackClock "0:00:14"]

1. e4 c5 2. c3 d5 3. exd5 Qxd5 4. d4 e6 5. Nf3 Nf6 6. Bd3 Qd8 7. O-O Nc6 8. dxc5 Bxc5 9. Qe2 O-O 10. b4 Bd6 11. a3 h6 12. c4 e5 13. Nbd2 Bg4 14. Bb2 Re8 15. Ne4 Nd4 16. Bxd4 exd4 17. Rfe1 Nd7 18. h3 Bh5 19. g4 Bg6 20. Qc2 Ne5 21. Nxe5 Bxe5 22. Re2 Qh4 23. Kg2 h5 24. Ng3 hxg4 25. hxg4 Qxg4 26. Rae1 Bxd3 27. Qxd3 f6 28. Qf5 Qxf5 29. Nxf5 Rad8 30. Rd1 g6 31. Nh6+ Kg7 32. Ng4 d3 33. Re3 d2 34. Kf3 a5 35. Ke2 axb4 36. axb4 Bf4 37. Rxe8 Rxe8+ 38. Ne3 f5 39. Rxd2 Re4 40. Rd7+ Kf6 41. Kd3 Bxe3 42. fxe3 g5 43. Rxb7 g4 44. Rb8 Kf7 45. Rb5 Kf6 46. Rb6+ Kf7 47. Rb7+ Kf6 48. Ra7 g3 49. Ra1 g2 50. Rg1 Rg4 51. b5 Ke5 52. b6 Kd6 53. c5+ Kxc5 54. b7 Rg8 55. Rxg2 Rd8+ 56. Ke2 Kc6 57. Rg7 Rb8 58. Kf3 Rxb7 59. Rxb7 Kxb7 60. Kf4 Kc6 61. Kxf5 Kd6 62. e4 Ke7 63. Ke5 Kf7 64. Kd6 Ke8 65. Ke6 Kd8 66. Kf7 Kd7 67. e5 1-0


[Site "https://www.chess.com"]

[Event "Titled Tuesday Blitz December 13 Early 2022"]
[White "Taboas Rodriguez, Daniel"]
[Black "Bruned, Boris"]
[WhiteFideId "2208466"]
[BlackFideId "621790"]
[WhiteElo "2329"]
[BlackElo "2049"]
[Result "1-0"]
[Round "01"]
[TimeControl "180+1"]
[Date "2022.12.14"]
[WhiteClock "0:00:35"]
[BlackClock "0:00:02"]

1. d4 b6 2. Nf3 Bb7 3. c4 e6 4. Nc3 Bb4 5. Qc2 Nf6 6. a3 Bxc3+ 7. Qxc3 Ne4 8. Qc2 f5 9. g3 Nf6 10. Bg2 O-O 11. O-O Qe7 12. b4 d6 13. Bb2 Nbd7 14. Rfd1 a5 15. d5 e5 16. Ng5 Ne8 17. Ne6 Rf6 18. f4 axb4 19. axb4 Rxa1 20. Rxa1 Rg6 21. Ra7 Bc8 22. Nxc7 Nxc7 23. Rxc7 Qd8 24. Ra7 exf4 25. Qxf5 fxg3 26. hxg3 Ne5 27. Ra8 Bxf5 28. Rxd8+ Kf7 29. Bxe5 dxe5 30. c5 bxc5 31. bxc5 Rxg3 32. Kf2 Ke7 33. Ra8 Rxg2+ 34. Kxg2 Be4+ 35. Kg3 Bxd5 36. Ra7+ Ke6 37. Rxg7 Be4 38. c6 Bxc6 39. Rxh7 Bb5 40. e3 Kd5 41. Kf3 e4+ 42. Kf4 Bd3 43. Rh5+ Kd6 44. Re5 Bc2 45. Kf5 Bd3 46. Re6+ Kd5 47. Re8 Kd6 48. Rd8+ Ke7 49. Rd4 Bc2 50. Ke5 Bd3 51. Ra4 Kd7 52. Ra8 Kc6 53. Rd8 Kc7 54. Rd4 1-0


[Site "https://www.chess.com"]

[Event "Titled Tuesday Blitz December 13 Early 2022"]
[White "Tan, Zhongyi"]
[Black "Mihailidis, Anastasios"]
[WhiteFideId "8603642"]
[BlackFideId "4205588"]
[WhiteElo "2510"]
[BlackElo "2312"]
[Result "1-0"]
[Round "01"]
[TimeControl "180+1"]
[Date "2022.12.14"]
[WhiteClock "0:00:40"]
[BlackClock "0:00:03"]

1. e4 c5 2. Nf3 d6 3. d4 cxd4 4. Nxd4 Nf6 5. Nc3 g6 6. f3 Bg7 7. Be3 O-O 8. Qd2 Nc6 9. O-O-O d5 10. exd5 Nxd5 11. Nxc6 bxc6 12. Bd4 Nxc3 13. Qxc3 Bh6+ 14. Be3 Bxe3+ 15. Qxe3 Qb6 16. Re1 Be6 17. h4 Rab8 18. b3 Qa5 19. Kb1 Qa3 20. h5 Bf5 21. Bd3 Bxd3 22. Qxd3 Kg7 23. Qc3+ Kg8 24. hxg6 fxg6 25. Qc4+ Kg7 26. Qh4 h5 27. Rxe7+ Kh6 28. g4 Rb5 29. Rg1 Rg5 30. Qe1 Ra5 31. Qe3+ Rg5 32. gxh5 Qxe7 33. Qxe7 Rxg1+ 34. Kb2 Rxf3 35. hxg6 Rxg6 36. Qxa7 Rff6 37. Qe3+ Kg7 38. a4 Rf7 39. Qd4+ Rgf6 40. a5 Kf8 41. a6 c5 42. Qxc5+ Kg7 43. Qd4 Rf8 44. b4 Kg6 45. b5 Rf4 46. Qd3+ Kg5 47. a7 Rb4+ 48. Kc3 Ra4 49. Qd5+ Kf6 50. Qd6+ Kg7 51. b6 Rc8+ 52. Kb3 Rac4 53. Qe5+ Kh6 54. a8=Q Rc3+ 55. Qxc3 Rxa8 56. Qh3+ Kg6 57. Qg2+ Kf6 58. Qxa8 1-0


[Site "https://www.chess.com"]

[Event "Titled Tuesday Blitz December 13 Early 2022"]
[White "Tarasova, Viktoriya"]
[Black "Wagner, Dennis"]
[WhiteFideId "4175840"]
[BlackFideId "24650684"]
[WhiteElo "2182"]
[BlackElo "2470"]
[Result "0-1"]
[Round "01"]
[TimeControl "180+1"]
[Date "2022.12.14"]
[WhiteClock "0:00:02"]
[BlackClock "0:00:05"]

1. d4 Nf6 2. c4 e6 3. Nc3 Bb4 4. Nf3 d5 5. cxd5 exd5 6. Bg5 h6 7. Bh4 O-O 8. Qc2 c5 9. e3 c4 10. Be2 Nc6 11. O-O Be6 12. Ne5 Be7 13. f4 a6 14. Bf3 Nh7 15. Bf2 Nb4 16. Qe2 f6 17. Ng6 Re8 18. Bg4 Qd7 19. Bxe6+ Qxe6 20. Qf3 f5 21. Ne5 Rad8 22. a3 Nc6 23. Kh1 Nf6 24. Rg1 b5 25. h3 Nxe5 26. dxe5 Ne4 27. Nxe4 dxe4 28. Qe2 Rd3 29. g4 Red8 30. gxf5 Qxf5 31. Rg4 Rd2 32. Qf1 Rxb2 33. Qg2 Bf8 34. Rg1 Rd7 35. Rg6 Rxf2 36. Qxf2 Qxh3+ 37. Qh2 Qxe3 38. e6 Rd2 39. Qh5 Qxf4 40. e7 Qf3+ 41. Qxf3 exf3 42. exf8=Q+ Kxf8 43. Rxg7 f2 44. Rg8+ Kf7 45. R8g7+ Kf6 0-1


[Site "https://www.chess.com"]

[Event "Titled Tuesday Blitz December 13 Early 2022"]
[White "Tarlabasi, Emirhan"]
[Black "Sovetbekova, Nurai"]
[WhiteFideId "6350275"]
[BlackFideId "13801910"]
[WhiteElo "2200"]
[BlackElo "1925"]
[Result "1-0"]
[Round "01"]
[TimeControl "180+1"]
[Date "2022.12.14"]
[WhiteClock "0:01:07"]
[BlackClock "0:00:27"]

1. Nf3 Nf6 2. c4 g6 3. b3 Bg7 4. Bb2 O-O 5. g3 c5 6. Bg2 Nc6 7. O-O d5 8. cxd5 Qxd5 9. Nc3 Qd8 10. Rc1 Bf5 11. d3 Rc8 12. Qd2 b6 13. Rfd1 Qd7 14. Qc2 Rfd8 15. Qb1 Bh3 16. Bh1 Nd4 17. Qa1 Qe6 18. Ng5 Qf5 19. Nxh3 Qxh3 20. Bg2 Qh5 21. Re1 Ng4 22. h3 Ne5 23. g4 Qh4 24. Ne4 Bh6 25. Rcd1 Nec6 26. Qb1 e5 27. Bc3 Ne6 28. Bd2 Bxd2 29. Nxd2 Nf4 30. Nf3 Nxh3+ 31. Kh2 Qxf2 32. Kxh3 Nd4 33. Qb2 Qe3 34. Qd2 Nxf3 35. Qxe3 1-0


[Site "https://www.chess.com"]

[Event "Titled Tuesday Blitz December 13 Early 2022"]
[White "Tarnowska, Aleksandra"]
[Black "Djokic, Mihailo"]
[WhiteFideId "1180967"]
[BlackFideId "976440"]
[WhiteElo "1776"]
[BlackElo "2294"]
[Result "0-1"]
[Round "01"]
[TimeControl "180+1"]
[Date "2022.12.14"]
[WhiteClock "0:00:02"]
[BlackClock "0:00:44"]

1. e4 c5 2. Nf3 d6 3. Bb5+ Bd7 4. Bxd7+ Qxd7 5. O-O Nc6 6. c3 Nf6 7. Re1 e6 8. d4 cxd4 9. cxd4 d5 10. e5 Ne4 11. Nc3 Nxc3 12. bxc3 Rc8 13. Rb1 Na5 14. Bd2 Be7 15. h3 O-O 16. Re3 Nc4 17. Rd3 b5 18. Nh2 f6 19. Ng4 fxe5 20. Nxe5 Nxe5 21. dxe5 a6 22. Qg4 Rc4 23. Rd4 Bc5 24. Rxc4 dxc4 25. Be3 Bxe3 26. fxe3 Rf5 27. Qd4 Qxd4 28. exd4 Kf7 29. a4 bxa4 30. Ra1 Rg5 31. Kh2 Rf5 32. Rxa4 Rf2 33. Rxa6 Rc2 34. Ra3 Kg6 35. Kg3 Kf5 36. Kf3 h5 37. g4+ hxg4+ 38. hxg4+ Kg5 39. Kg3 Rd2 40. Ra7 Rd3+ 41. Kf2 g6 42. Re7 Rxc3 43. Rxe6 Rd3 44. Rd6 c3 45. Ke2 c2 46. Rc6 Rxd4 47. Rxc2 Re4+ 48. Kf3 Rxe5 49. Rc4 Rb5 50. Kf2 Kh4 51. Kg2 g5 52. Kf3 Rb3+ 53. Kg2 Rg3+ 54. Kf2 Rb3 55. Kg2 Rb2+ 56. Kf3 Kh3 57. Rc5 Rb3+ 58. Kf2 Kxg4 59. Rc4+ Kh5 60. Kg2 g4 61. Rc5+ Kh4 62. Rc8 Rb2+ 63. Kg1 Kh3 64. Rh8+ Kg3 65. Kf1 Rb1+ 66. Ke2 Kg2 67. Rg8 g3 68. Ke3 Re1+ 69. Kf4 Rf1+ 70. Kg4 Ra1 71. Kh4 Ra4+ 72. Kh5 Kf2 73. Rf8+ Kg1 74. Rc8 g2 75. Rc1+ Kh2 76. Rc2 Kh1 0-1


[Site "https://www.chess.com"]

[Event "Titled Tuesday Blitz December 13 Early 2022"]
[White "Tharushi, T H D Niklesha"]
[Black "Yurovskykh, Oleksandr"]
[WhiteFideId "9918264"]
[BlackFideId "14134020"]
[WhiteElo "1596"]
[BlackElo "2266"]
[Result "0-1"]
[Round "01"]
[TimeControl "180+1"]
[Date "2022.12.14"]
[WhiteClock "0:00:17"]
[BlackClock "0:00:16"]

1. e4 d5 2. exd5 Qxd5 3. Nc3 Qd8 4. d4 Nf6 5. Nf3 Bg4 6. h3 Bxf3 7. Qxf3 c6 8. Be3 e6 9. g4 Bb4 10. Bc4 Nd5 11. Bd2 Bxc3 12. Bxc3 Nxc3 13. Qxc3 Nd7 14. d5 cxd5 15. Qxg7 Qf6 16. Qxf6 Nxf6 17. Bb3 Rc8 18. O-O Rg8 19. Kh2 Ke7 20. Rfe1 Kd6 21. Rad1 b5 22. c3 h5 23. f3 hxg4 24. hxg4 Rh8+ 25. Kg3 Rcg8 26. Rh1 Nh5+ 27. Kf2 Nf4 28. Kg3 e5 29. Bc2 f6 30. b3 Rc8 31. Rxh8 Rxh8 32. c4 bxc4 33. bxc4 d4 34. Be4 Rh3+ 35. Kf2 Rh2+ 36. Kg3 Rg2+ 37. Kh4 Rxa2 38. Rc1 Kc5 39. Rb1 Kxc4 40. Rb7 d3 41. Rc7+ Kd4 42. Rd7+ Ke3 43. g5 Rh2+ 44. Kg4 Rg2+ 45. Kf5 fxg5 46. Kxe5 d2 47. Bc2 Rg1 48. Kf5 Rc1 49. Ba4 Nd3 50. Kxg5 d1=Q 51. Bxd1 Rxd1 52. f4 Ra1 53. f5 a5 54. f6 Ne5 55. f7 Nxd7 0-1


[Site "https://www.chess.com"]

[Event "Titled Tuesday Blitz December 13 Early 2022"]
[White "Thiel, Thomas"]
[Black "Janaszak, Dawid"]
[WhiteFideId "4615964"]
[BlackFideId "1119206"]
[WhiteElo "2214"]
[BlackElo "2220"]
[Result "1/2-1/2"]
[Round "01"]
[TimeControl "180+1"]
[Date "2022.12.14"]
[WhiteClock "0:00:17"]
[BlackClock "0:00:22"]

1. e4 c5 2. Nc3 e6 3. Nge2 a6 4. g3 b5 5. Bg2 Bb7 6. d4 cxd4 7. Nxd4 Nc6 8. O-O Qc7 9. Nxc6 Bxc6 10. Re1 Bc5 11. Nd5 Qd8 12. Qg4 Kf8 13. Be3 Bxe3 14. Nxe3 Nf6 15. Qf4 Qb8 16. e5 Bxg2 17. Kxg2 Qb7+ 18. Qf3 Qxf3+ 19. Kxf3 Ne8 20. Red1 Ke7 21. c4 f6 22. exf6+ Nxf6 23. Rac1 Rhc8 24. b4 d6 25. a3 Nd7 26. Rd2 bxc4 27. Rxc4 d5 28. Rcc2 Nb6 29. Ke2 Na4 30. f4 Nc3+ 31. Kd3 Ne4 32. Rxc8 Rxc8 33. Rc2 Rxc2 34. Nxc2 Kd6 35. Nd4 Nf2+ 36. Ke2 Ng4 37. h3 Nf6 38. Nf3 Ne4 39. g4 h6 40. Ne5 g5 41. Nf7+ Ke7 42. Nxh6 gxf4 43. Kf3 Ng5+ 44. Kxf4 Nxh3+ 45. Ke5 Ng5 46. Ng8+ Kf7 47. Nh6+ Kg7 48. Nf5+ exf5 49. gxf5 Nf3+ 50. Kxd5 Kf6 51. Kc6 Nd4+ 52. Kb6 Nc2 53. Kxa6 Nxa3 54. b5 Nxb5 55. Kxb5 Kxf5 1/2-1/2


[Site "https://www.chess.com"]

[Event "Titled Tuesday Blitz December 13 Early 2022"]
[White "Thorhallsson, Simon"]
[Black "Mikhailovsky, Vladimir"]
[WhiteFideId "2310090"]
[BlackFideId "34105414"]
[WhiteElo "2108"]
[BlackElo "2295"]
[Result "0-1"]
[Round "01"]
[TimeControl "180+1"]
[Date "2022.12.14"]
[WhiteClock "0:00:02"]
[BlackClock "0:00:22"]

1. Nf3 d6 2. c4 Nf6 3. g3 g6 4. Bg2 Bg7 5. O-O O-O 6. d4 Bf5 7. b3 c5 8. Bb2 Nc6 9. d5 Na5 10. Nbd2 a6 11. Re1 b5 12. e4 Bg4 13. Qc2 Bxf3 14. Nxf3 bxc4 15. bxc4 Rb8 16. Rab1 Nd7 17. Bxg7 Kxg7 18. Rxb8 Nxb8 19. e5 Nd7 20. Qc3 Nxe5 21. Nxe5 dxe5 22. Qxe5+ Kg8 23. Qxe7 Nxc4 24. Qxc5 Nd6 25. Qc6 Qa5 26. Rb1 Rd8 27. Rb6 Qxa2 28. Rxa6 Qb1+ 29. Bf1 Ne4 30. Ra8 Rxa8 31. Qxa8+ Kg7 32. Qe8 Qe1 33. Qe5+ Kg8 34. Qe8+ Kg7 35. Qe5+ f6 36. Qe7+ Kh6 37. Qf8+ Kg5 38. h4+ Kh5 39. g4+ Kxg4 0-1


[Site "https://www.chess.com"]

[Event "Titled Tuesday Blitz December 13 Early 2022"]
[White "Timofeev, Artyom"]
[Black "Khandelwal, Ankush"]
[WhiteFideId "4140419"]
[BlackFideId "413470"]
[WhiteElo "2586"]
[BlackElo "2271"]
[Result "1-0"]
[Round "01"]
[TimeControl "180+1"]
[Date "2022.12.14"]
[WhiteClock "0:01:01"]
[BlackClock "0:00:11"]

1. d4 Nf6 2. Bf4 g6 3. Nc3 d5 4. e3 Bg7 5. h4 h5 6. Nf3 O-O 7. Qd2 c5 8. dxc5 Nbd7 9. O-O-O Nxc5 10. Bd3 Qb6 11. Be5 Bg4 12. Bd4 Nxd3+ 13. cxd3 Qa6 14. Kb1 Rfd8 15. Rc1 b5 16. Ne5 Bf5 17. Rhd1 b4 18. Ne2 b3 19. a3 Ne8 20. Ng3 Bd7 21. Qb4 Nd6 22. Qxb3 Ba4 23. Qxd5 Bxd1 24. Rxd1 Rab8 25. Ka2 e6 26. Qc6 Qa5 27. Qc3 Nb5 28. Qxa5 1-0


[Site "https://www.chess.com"]

[Event "Titled Tuesday Blitz December 13 Early 2022"]
[White "Topalov, Aleksandar"]
[Black "Saravana, Krishnan P."]
[WhiteFideId "925659"]
[BlackFideId "5018382"]
[WhiteElo "2151"]
[BlackElo "2190"]
[Result "0-1"]
[Round "01"]
[TimeControl "180+1"]
[Date "2022.12.14"]
[WhiteClock "0:00:06"]
[BlackClock "0:01:11"]

1. b3 e5 2. Bb2 Nc6 3. c4 Nf6 4. e3 g6 5. Nf3 d6 6. d4 e4 7. d5 exf3 8. dxc6 fxg2 9. Bxg2 b6 10. Nc3 Bg7 11. Nd5 O-O 12. Qd4 Nh5 13. Qd2 Be6 14. Bf3 Bxd5 15. Bxd5 Nf6 16. Bf3 Qe7 17. O-O-O a5 18. a4 Rfe8 19. Rhg1 Ne4 20. Bxe4 Bxb2+ 21. Kxb2 Qxe4 22. Qd5 Qh4 23. Qg2 Re5 24. Rd4 Qf6 25. Ka2 Rae8 26. Rf4 Rf5 27. Rxf5 Qxf5 28. Kb2 Kg7 29. Rd1 Qf6+ 30. Kc2 Re5 31. Rd5 Rxd5 32. cxd5 Qa1 33. Qf3 Qe5 34. h3 f5 35. Qg2 Kf6 36. Qf3 Qe4+ 37. Qxe4 fxe4 38. Kc3 Ke5 39. Kc4 g5 40. b4 axb4 41. Kxb4 Kxd5 42. Kb5 h5 0-1


[Site "https://www.chess.com"]

[Event "Titled Tuesday Blitz December 13 Early 2022"]
[White "Torres Boch, Jose Francisco"]
[Black "Mustafayev, Farid"]
[WhiteFideId "2278383"]
[BlackFideId "13408771"]
[WhiteElo "2073"]
[BlackElo "2192"]
[Result "0-1"]
[Round "01"]
[TimeControl "180+1"]
[Date "2022.12.14"]
[WhiteClock "0:00:21"]
[BlackClock "0:01:46"]

1. e4 c5 2. Nf3 e6 3. d4 cxd4 4. Nxd4 a6 5. Bd3 Nf6 6. O-O Qc7 7. Qe2 d6 8. c4 Nbd7 9. Nc3 Be7 10. b3 O-O 11. Bb2 b6 12. f4 Bb7 13. Kh1 Rfe8 14. Rae1 Rac8 15. f5 Bf8 16. fxe6 fxe6 17. Nf3 Ne5 18. Nxe5 dxe5 19. Rf3 Rcd8 20. Bb1 Rd7 21. Rd1 Red8 22. Rfd3 Rxd3 23. Rxd3 Bb4 24. Rxd8+ Qxd8 25. h3 Bc5 26. Na4 Bd4 27. Bxd4 Qxd4 28. Qd3 Nxe4 29. Qxd4 exd4 30. Nxb6 d3 31. Kg1 d2 32. Bc2 Nc3 33. Nd7 Be4 0-1


[Site "https://www.chess.com"]

[Event "Titled Tuesday Blitz December 13 Early 2022"]
[White "Torres Cueto, Jesus Marcial"]
[Black "Gulevich, Artem"]
[WhiteFideId "4415280"]
[BlackFideId "24119580"]
[WhiteElo "2022"]
[BlackElo "2218"]
[Result "1-0"]
[Round "01"]
[TimeControl "180+1"]
[Date "2022.12.14"]
[WhiteClock "0:00:56"]
[BlackClock "0:00:14"]

1. d4 d5 2. c4 c6 3. Nc3 Nf6 4. e3 e6 5. Nf3 Nbd7 6. Bd3 Bd6 7. O-O O-O 8. Qc2 Qe7 9. b3 dxc4 10. bxc4 e5 11. c5 Bc7 12. Bc4 e4 13. Nd2 Bxh2+ 14. Kxh2 Ng4+ 15. Kg3 Qg5 16. Ndxe4 Qg6 17. Kf3 Nh2+ 18. Ke2 Nxf1 19. Kxf1 Nf6 20. Nxf6+ Qxf6 21. Ne4 Qh4 22. Ng3 Kh8 23. Qe4 Qh6 24. Bxf7 b6 25. Bc4 bxc5 26. dxc5 Rd8 27. Bb2 Rb8 28. Bc3 Bd7 29. Kg1 Be8 30. Nf5 1-0


[Site "https://www.chess.com"]

[Event "Titled Tuesday Blitz December 13 Early 2022"]
[White "Torres Dominguez, David"]
[Black "Kodinets, Konstantin L."]
[WhiteFideId "2220857"]
[BlackFideId "4122011"]
[WhiteElo "2037"]
[BlackElo "2447"]
[Result "0-1"]
[Round "01"]
[TimeControl "180+1"]
[Date "2022.12.14"]
[WhiteClock "0:00:13"]
[BlackClock "0:00:22"]

1. e4 e5 2. Bc4 d6 3. Nc3 Be6 4. Bxe6 fxe6 5. d3 Nc6 6. f4 exf4 7. Bxf4 Nf6 8. Nf3 d5 9. exd5 exd5 10. O-O Be7 11. Qd2 O-O 12. Rae1 Bb4 13. a3 Ba5 14. b4 Bb6+ 15. Kh1 Qd7 16. h3 a6 17. Ne5 Nxe5 18. Bxe5 Nh5 19. Qg5 g6 20. d4 c6 21. Na4 Ba7 22. Nc5 Bxc5 23. bxc5 Rxf1+ 24. Rxf1 Rf8 25. Rxf8+ Kxf8 26. g4 Ng7 27. Qf6+ Kg8 28. Qxg7+ Qxg7 29. Bxg7 Kxg7 30. Kg2 Kf6 31. Kf3 h5 32. Kf4 hxg4 33. hxg4 g5+ 34. Kf3 Ke6 35. Ke3 Kd7 36. Kd3 Kc7 37. Kc3 b6 38. Kb4 a5+ 39. Ka4 Kb7 40. cxb6 Kxb6 41. Kb3 c5 42. dxc5+ Kxc5 43. Ka4 Kc4 44. Kxa5 d4 45. Kb6 Kc3 46. a4 Kxc2 47. a5 d3 48. a6 d2 49. a7 d1=Q 50. a8=Q Qd4+ 51. Kc7 Qxg4 52. Qa2+ Kd3 53. Qb3+ Ke4 54. Qc4+ Kf3 55. Qf1+ Kg3 56. Qg1+ Kf4 57. Qc1+ Kf5 58. Qc2+ Kf6 59. Qc3+ Kg6 60. Qd3+ Qf5 61. Qd6+ Qf6 62. Qd3+ Kh6 63. Qh3+ Kg7 64. Kd7 Qe5 65. Qg4 Kf6 66. Qf3+ Qf5+ 67. Qxf5+ Kxf5 68. Kd6 g4 69. Kd5 Kf4 70. Kd4 Kf3 0-1


[Site "https://www.chess.com"]

[Event "Titled Tuesday Blitz December 13 Early 2022"]
[White "Tsatsalashvili, Keti"]
[Black "Hamley, Ryan"]
[WhiteFideId "13603434"]
[BlackFideId "30959497"]
[WhiteElo "2220"]
[BlackElo "2603"]
[Result "0-1"]
[Round "01"]
[TimeControl "180+1"]
[Date "2022.12.14"]
[WhiteClock "0:00:13"]
[BlackClock "0:00:04"]

1. d4 Nf6 2. c4 e6 3. Nf3 d5 4. Nc3 Be7 5. Bg5 O-O 6. e3 a6 7. Rc1 dxc4 8. Bxc4 b5 9. Bd3 Bb7 10. O-O Nbd7 11. Qe2 c5 12. dxc5 Nxc5 13. Bb1 Rc8 14. Rfd1 Qb6 15. b4 Na4 16. Nxa4 bxa4 17. a3 a5 18. bxa5 Qxa5 19. h4 h6 20. Bxf6 Bxf6 21. Nd4 Rfd8 22. Rxc8 Rxc8 23. Qd3 g6 24. Nxe6 Qe5 25. Nf4 Rd8 26. Qc2 Rxd1+ 27. Qxd1 Qb2 28. Qd3 Qc1+ 29. Kh2 Qc7 30. g3 Qc6 31. Nd5 Kg7 32. e4 Be5 33. Ba2 Qc1 34. Ne3 Qc7 35. Qc4 Qd7 36. Nd5 h5 37. Nb6 Qg4 38. Kg2 Bxe4+ 39. Kf1 Qh3+ 40. Ke2 Qg2 41. Qxf7+ Kh6 42. Qf8+ Bg7 43. Qf4+ Kh7 44. Bf7 Bf5 45. Nd5 Bg4+ 46. Ke3 Qf1 47. Nf6+ Bxf6 48. Qxf6 Qe1+ 49. Kd4 Qa1+ 50. Kc5 Qxf6 51. Bd5 Qc3+ 52. Kd6 Qxa3+ 53. Kc7 Qb2 54. Bc6 a3 55. Bd5 a2 0-1


[Site "https://www.chess.com"]

[Event "Titled Tuesday Blitz December 13 Early 2022"]
[White "Tworuszka, Michal"]
[Black "Shipov, Sergei"]
[WhiteFideId "1117858"]
[BlackFideId "4113624"]
[WhiteElo "2426"]
[BlackElo "2793"]
[Result "0-1"]
[Round "01"]
[TimeControl "180+1"]
[Date "2022.12.14"]
[WhiteClock "0:00:01"]
[BlackClock "0:00:13"]

1. d4 d5 2. c4 e6 3. Nf3 c5 4. cxd5 exd5 5. Nc3 Nc6 6. g3 c4 7. Bg2 Bb4 8. O-O Nge7 9. a3 Ba5 10. Qc2 O-O 11. Rd1 h6 12. e4 Be6 13. exd5 Nxd5 14. Nxd5 Bxd5 15. Ne5 Bxg2 16. Kxg2 Qd5+ 17. f3 Rfd8 18. Nxc6 Qxc6 19. Be3 b5 20. Bf2 Bb6 21. Rac1 Rac8 22. Qe4 Qd5 23. Rc2 a5 24. Re2 f5 25. Qe6+ Qxe6 26. Rxe6 Bc7 27. d5 Kf7 28. Rc6 Bd6 0-1


[Site "https://www.chess.com"]